 Dungeon Crawl Stone Soup version 0.20-a0-223-g066d66b (webtiles) character file.

4 tboon the Skirmisher (level 1, 0/20 HPs)
             Began as a Minotaur Fighter on Nov 29, 2016.
             Slain by a gnoll
             ... wielding a +0 flail
              (9 damage)
             ... on level 1 of the Dungeon.
             The game lasted 00:00:25 (83 turns).

tboon the Skirmisher (Minotaur Fighter)               Turns: 83, Time: 00:00:25

Health: 0/20       AC:  6    Str: 20    XL:     1   Next: 50%
Magic:  0/0        EV:  7    Int:  5    God:
Gold:   11         SH:  9    Dex:  9    Spells: 0/0 levels left

rFire  . . .     SeeInvis .     a - +0 war axe
rCold  . . .     Gourm    .     b - +0 scale mail
rNeg   . . .     Faith    .     c - +0 shield
rPois  .         Spirit   .     (helmet restricted)
rElec  .         Reflect  .     (no cloak)
rCorr  .         Harm     .     (no gloves)
MR     .....                    (no boots)
Stlth  ..........               (no amulet)
                                (no ring)
                                (no ring)

@: no status effects
A: retaliatory headbutt, horns 2
a: no special abilities


You were on level 1 of the Dungeon.
You were not hungry.

You visited 1 branch of the dungeon, and saw 1 of its levels.

You collected 11 gold pieces.

Inventory:

Hand Weapons
 a - a +0 war axe (weapon)
Armour
 b - a +0 scale mail (worn)
 c - a +0 shield (worn)
Potions
 d - a potion of might
Comestibles
 f - a bread ration


   Skills:
 + Level 3.7 Fighting
 * Level 2.8 Axes
 - Level 3.6 Armour
 - Level 3.6 Shields


You couldn't memorise any spells.
You didn't know any spells.

Dungeon Overview and Level Annotations

Branches:
Dungeon (1/15)

Altars:


Innate Abilities, Weirdness & Mutations

You reflexively headbutt those who attack you in melee.
You have a pair of horns on your head.


Message History

Welcome, tboon the Minotaur Fighter.
Will you be the one to retrieve the fabulous Orb of Zot from the depths?
Press ? for a list of commands and other information.
Found a staircase leading out of the dungeon.
You open the door.
The jackal barks! x2
The jackal is too close now for your liking.
There is an open door here.
You block the jackal's attack. The jackal bites you.
You hit the jackal but do no damage.
You headbutt the jackal, but do no damage.
You block the jackal's attack. The jackal barely misses you.
You furiously retaliate!
You headbutt the jackal, but do no damage.
You block the jackal's attack.
You barely miss the jackal. You miss the jackal.
The jackal bites you but does no damage. x2
The jackal barely misses you.
You slash the jackal!
You kill the jackal!
You barely miss the jackal. You block the jackal's attack.
The jackal bites you.
You closely miss the jackal. Your headbutt misses the jackal.
You block the jackal's attack. x2
You slash the jackal!
You kill the jackal!
A hobgoblin comes into view. It is wielding a club.
You see here a jackal corpse.
You slash the hobgoblin!
You kill the hobgoblin!
No target in view!
No target in view!
You start resting.
HP restored.
You now have 11 gold pieces.
A gnoll comes into view. It is wielding a flail.
The gnoll shouts!
The gnoll closely misses you.
You closely miss the gnoll. The gnoll hits you with a flail.
The gnoll hits you but does no damage.
You closely miss the gnoll. The gnoll hits you with a flail!
You closely miss the gnoll. The gnoll hits you with a flail!
You die...

....###.######........#
......................#
...............###..#...
.[.......#.###.# ..#.#..
##.###..#.# #.# ..# ##.
#....# #.. #
#.###.#..###.##
#...$.....##(#
........#@.## .#
.........g.......
....###.##..##.## #...
#.# #.# #.. ... .. ..
##.# ... #. ... ...#


You could see a gnoll.

Vanquished Creatures
  A hobgoblin (D:1)
  2 jackals (D:1)
3 creatures vanquished.

Notes
Turn   | Place    | Note
-------+----------+-------------------------------------------
     0 | D:1      | tboon the Minotaur Fighter began the quest for the Orb.
     0 | D:1      | Reached XP level 1. HP: 19/19 MP: 0/0
    83 | D:1      | Slain by a gnoll

Vault maps used:
D:1:      scummos_arrival_simple_fountains

Action                   || total
-------------------------++-------
Melee: War axe           ||     9
       Headbutt          ||     1
Armor: Scale mail        ||     3
Dodge: Dodged            ||     3
Block: Shield            ||     6

Vault maps used:
D:1:      scummos_arrival_simple_fountains

Table legend:
 A = Turns spent in this place as a percentage of turns spent in the entire game.
 B = Non-inter-level travel turns spent in this place as a percentage of non-inter-level travel turns spent in the entire game.
 C = Inter-level travel turns spent in this place as a percentage of turns spent in this place.
 D = Turns resting spent in this place as a percentage of non-inter-level travel turns spent in this place.
 E = Turns spent auto-exploring this place as a percentage of non-inter-level travel turns spent in this place.
 F = Non-inter-level travel turns spent in this place divided by the number of levels of this place that you've seen.
                   A       B       C       D       E      F
               +-------+-------+-------+-------+-------+----------------------
         Total | 100.0 | 100.0 |   0.0 |   9.5 |   9.5 |  21.0
       Dungeon | 100.0 | 100.0 |   0.0 |   9.5 |   9.5 |  21.0
               +-------+-------+-------+-------+-------+----------------------

Table legend:
 A = Kills in this place as a percentage of kills in entire the game.
 B = Kills by you in this place as a percentage of kills by you in the entire game.
 C = Kills by friends in this place as a percentage of kills by friends in the entire game.
 D = Other kills in this place as a percentage of other kills in the entire game.
 E = Experience gained in this place as a percentage of experience gained in the entire game.
 F = Experience gained in this place divided by the number of levels of this place that you have seen.
                   A       B       C       D       E      F
               +-------+-------+-------+-------+-------+----------------------
         Total | 100.0 | 100.0 |  -nan |  -nan | 100.0 |   6.0
       Dungeon | 100.0 | 100.0 |  -nan |  -nan | 100.0 |   6.0
               +-------+-------+-------+-------+-------+----------------------
